 Dungeon Crawl Stone Soup version 0.29-a0-284-gf9362112df (webtiles) character file.

Game seed: 2494916311245215552

30 sammy202020 the Skirmisher (level 3, 15/29 HPs)
             Began as a Demonspawn Berserker on Apr 1, 2022.
             Was a Believer of Trog.
             Quit the game on level 2 of the Dungeon.
             The game lasted 00:01:21 (1120 turns).

sammy202020 the Skirmisher (Demonspawn Berserker)   Turns: 1120, Time: 00:01:22

Health: 15/29      AC:  5    Str: 19    XL:     3   Next: 5%
Magic:  3/3        EV: 11    Int:  8    God:    Trog [**....]
Gold:   66         SH:  0    Dex: 12    Spells: 2/2 levels left

rFire   . . .      SeeInvis .   a - +0 hand axe
rCold   . . .      Faith    .   (no shield)
rNeg    . . .      Spirit   .   f - +0 ring mail
rPois   .          Reflect  .   (helmet restricted)
rElec   .          Harm     .   (no cloak)
rCorr   .          Rampage  .   (no gloves)
Will    .....                   (no boots)
Stlth   +.........              (no amulet)
HPRegen 0.09/turn               (no ring)
MPRegen 0.08/turn               (no ring)

@: no status effects
A: antennae 1, ignite blood 1
a: Renounce Religion, Berserk, Trog's Hand


You were on level 2 of the Dungeon.
You worshipped Trog.
Trog was pleased with you.
You visited 1 branch of the dungeon, and saw 2 of its levels.

You collected 66 gold pieces.

Inventory:

Hand Weapons
 a - a +0 hand axe (weapon)
Missiles
 b - 4 atropa-tipped darts
 c - 5 poisoned darts (quivered)
Armour
 f - a +0 ring mail (worn)
Scrolls
 d - a scroll of magic mapping {unknown}
 g - a scroll of fear {unknown}
Potions
 e - a potion of brilliance {unknown}


   Skills:
 * Level 3.3 Fighting
 * Level 3.1 Axes
 * Level 2.3 Armour
 + Level 1.9 Dodging


You had 2 spell levels left.
You didn't know any spells.
Your spell library was empty.

Dungeon Overview and Level Annotations

Branches:
Dungeon (2/15)

Altars:


Innate Abilities, Weirdness & Mutations

You have a pair of small antennae on your head.
Your demonic aura sometimes causes spilled blood to erupt in flames.


Message History

The jackal bites you but does no damage.
The jackal barely misses you. The goblin hits you but does no damage.
The jackal bites you but does no damage.
You miss the jackal.
The jackal is almost dead.
You miss the jackal. You hit the goblin.
You kill the goblin!
Trog accepts your kill.
The jackal bites you. x2; The jackal closely misses you.
The jackal bites you but does no damage.
You are too injured to fight recklessly!
You are too injured to fight recklessly!
You are too injured to fight recklessly!
You are too injured to fight recklessly!
You are too injured to fight recklessly!
You completely miss the jackal.
The jackal is almost dead.
You hit the jackal.
You kill the jackal!
Trog accepts your kill.
You can now call upon Trog for regeneration and willpower.
The jackal bites you but does no damage.
The goblin misses you.
You hit the jackal.
You kill the jackal!
Trog accepts your kill.
You closely miss the goblin. The goblin barely misses you.
You slash the goblin!
You kill the goblin!
Trog accepts your kill.
You barely miss the goblin. The goblin barely misses you.
You have reached level 3!
Your experience leads to an increase in your attributes!
Increase (S)trength, (I)ntelligence, or (D)exterity?
You feel stronger. x2; Your demonic ancestry asserts itself...
A pair of antennae grows on your head!
You slash the goblin!
You kill the goblin!
Trog accepts your kill.
Are you sure you want to abandon this character and quit the game? (Confirm with "yes".)

######
#..†.#
#..)@#
#..)<#
#.....#
#......
#..###..
#.. ...
#. ....
.. .....
.#
......


There were no monsters in sight!

Vanquished Creatures
  A dart slug (D:1)
  3 endoplasms (D:1)
  2 giant cockroaches (D:1)
  5 goblins
  A hobgoblin (D:1)
  3 jackals (D:2)
  3 kobolds (D:1)
  2 quokkas
  A bat (D:1)
  3 rats
24 creatures vanquished.

Notes
Turn   | Place    | Note
-------+----------+-------------------------------------------
     0 | D:1      | sammy202020 the Demonspawn Berserker began the quest for
                  | the Orb.
     0 | D:1      | Reached XP level 1. HP: 18/18 MP: 1/1
   380 | D:1      | Gained mutation: Your demonic aura sometimes causes spilled
                  | blood to erupt in flames. [demonic ancestry]
   380 | D:1      | Reached XP level 2. HP: 19/24 MP: 2/2
  1116 | D:2      | Reached ** piety under Trog
  1119 | D:2      | Gained mutation: You have a pair of small antennae on your
                  | head. [demonic ancestry]
  1119 | D:2      | Reached XP level 3. HP: 15/29 MP: 3/3
  1120 | D:2      | Quit the game

Illustrated notes

Levels and vault maps discovered:
D:1:      dpeg_arrival_tiny_d, layout_basic
D:2:      layout_rooms, dreamdust_ecumenical_altar_hidden_monk_grotto,
          uniq_robin

Skill      XL: |  1  2 |
---------------+-------+-----
Armour         | 2 |  2.3
Axes           | 3 |  3.1
Fighting       | |  3.3
Dodging        | |  1.9

Action                   || total
-------------------------++-------
Melee: Hand axe          ||    59
Armor: Ring mail         ||    19
       Animal skin       ||     1
Dodge: Dodged            ||    38

Table legend: (Time is in decaauts)
 A = Elapsed time spent in this place.
 B = Non-inter-level travel time spent in this place.
 C = Inter-level travel time spent in this place.
 D = Time resting spent in this place.
 E = Time spent auto-exploring this place.
 F = Levels seen in this place.
 G = Mean time per level.
                   A        B        C        D        E       F      G
               +--------+--------+--------+--------+--------+-----+--------+
         Total |   1128 |   1086 |     42 |      0 |    918 |   2 |  564.0 |
       Dungeon |   1128 |   1086 |     42 |      0 |    918 |   2 |  564.0 |
               +--------+--------+--------+--------+--------+-----+--------+

Top non-repeatable levels by time:
     D:1: 1107 daAuts
     D:2: 21 daAuts
